 Dungeon Crawl Stone Soup version 0.24-a0-528-g98e85ec62a (webtiles) character file.

Game seed: 13564228816511320997

5363 Gargoyl the Shield-Bearer (level 10, -1/82 HPs)
             Began as a Centaur Abyssal Knight on Aug 5, 2019.
             Was a Priest of Lugonu.
             Slain by a wolf (3 damage)
             ... on level 8 of the Dungeon.
             The game lasted 00:22:04 (14555 turns).

Gargoyl the Shield-Bearer (Centaur Abyssal Knight) Turns: 14555, Time: 00:22:04

Health: -1/82      AC: 11    Str: 25    XL:     10   Next: 39%
Magic:  14/14      EV:  4    Int: 11    God:    Lugonu [***...]
Gold:   628        SH: 19    Dex: 10    Spells: 9/9 levels left

rFire    . . .     SeeInvis .   a - +1 hand axe
rCold    . . .     Gourm    .   d - +3 large shield {rN+}
rNeg     + . .     Faith    .   l - +0 chain mail (curse)
rPois    .         Spirit   .   (no helmet)
rElec    .         Reflect  .   (no cloak)
rCorr    .         Harm     .   k - +1 pair of gloves {Str+3}
MR       .....                  (no barding)
Stlth    ..........             (no amulet)
HPRegen  0.23/turn              (no ring)
MPRegen  0.14/turn              (no ring)

@: mighty, very quick
A: large, hooves 3, deformed body, speed 2, tough skin 3
a: Depart the Abyss, Bend Space, Banish, Renounce Religion


You were on level 8 of the Dungeon.
You worshipped Lugonu.
Lugonu was most pleased with you.
You were not hungry.

You visited 2 branches of the dungeon, and saw 9 of its levels.
You visited the Abyss 1 time.

You collected 628 gold pieces.

Inventory:

Hand Weapons
 a - a +1 hand axe (weapon)
 o - a +0 war axe
 A - a +2 long sword of holy wrath
Missiles
 p - 3 boomerangs (quivered)
Armour
 d - a +3 large shield of positive energy (worn)
 k - a +1 pair of gloves of strength (worn)
 l - a cursed +0 chain mail (worn)
Jewellery
 D - an uncursed amulet of the acrobat {unknown}
Wands
 i - a wand of flame (37)
 r - a wand of paralysis (13)
 w - a wand of digging (5)
 x - a wand of enslavement (13)
 y - a wand of disintegration (9)
Scrolls
 e - 2 scrolls of identify
 g - 4 scrolls of remove curse
 h - 11 scrolls of teleportation
 j - a scroll of fear
 q - 2 scrolls of magic mapping
 C - a scroll of enchant armour
Potions
 u - a potion of haste {unknown}
 v - 2 potions of flight
 z - 2 potions of brilliance {unknown}
Comestibles
 c - 8 rations


   Skills:
 + Level 5.6 Fighting
 + Level 5.8 Axes
 + Level 1.5 Throwing
 * Level 5.9 Armour
 + Level 2.3 Dodging
 * Level 6.6 Shields
 * Level 6.6 Invocations


You had 9 spell levels left.
You didn't know any spells.
Your spell library contained the following spells:

 Spells                   Type           Power        Failure   Level  Hunger
 Sandblast                Erth           #.....       100%        1    ##.....
 Passwall                 Tmut/Erth      #.......     100%        2    ###....
 Stone Arrow              Conj/Erth      #.....       100%        3    ####...
 Petrify                  Tmut/Erth      #.......     100%        4    #####..
 Lee's Rapid Deconstruct  Erth           #.........   100%        5    ######.


Dungeon Overview and Level Annotations

Branches:
Dungeon (8/15)             Temple (0/1) D:4            Lair (1/6) D:8

Altars:
Qazlal
Sif Muna
Trog
Wu Jian
Yredelemnul


Innate Abilities, Weirdness & Mutations

You have hooves in place of feet.
Armour fits poorly on your strangely shaped body.
You cover ground very quickly.
You have extremely tough skin. (AC +3)


Message History

The wolf is heavily wounded.
The wolf bites you.
* * * LOW HITPOINT WARNING * * *
You block the wolf's attack.
You closely miss the wolf. You kick the wolf!
You kill the wolf!
Lugonu accepts your kill. You block the wolf's attack.
You slash the wolf! Your kick misses the wolf.
The wolf is severely wounded.
You block the wolf's attack. The wolf bites you!
* * * LOW HITPOINT WARNING * * *
You closely miss the wolf.
The wolf is severely wounded.
You block the wolf's attack. The wolf bites you.
* * * LOW HITPOINT WARNING * * *
You closely miss the wolf.
The wolf is severely wounded.
The wolf bites you.
You die...

##.....## ##.# #....≈.≈.≈≈..≈≈
##...## #.# #...≈≈.≈.≈≈≈≈.. ##'##
#.# #...≈≈.≈.≈≈≈≈≈≈ #.# #.#
#..≈≈≈≈≈.≈≈≈≈.. #.# #.#
#.h≈≈≈≈≈.≈≈≈... ####.######## #.#
#..h≈≈≈≈.≈≈≈≈≈. ..#.........# #.#
#...≈≈≈≈..≈≈≈≈.
#......####.###.###..≈≈≈.≈..≈≈≈≈≈
#.#...###.......@hh..≈≈≈...)≈≈≈≈≈
#.##........######...≈≈≈....≈≈≈≈≈
#.##.####.### #..≈≈≈.≈.>..≈≈≈≈
..........# #...≈≈≈....≈≈≈≈≈
#.##.###### #..≈≈≈≈.≈.≈.≈≈≈≈
#.##)## #....≈≈≈≈≈≈≈≈≈≈≈ ...)..#
##...≈≈≈≈≈≈≈≈≈.. ####..#
#.≈≈≈.≈.≈≈≈≈≈.≈ #)####
#....≈.≈≈.≈.≈..


You could see 2 wolves.

Vanquished Creatures
  Pikel (D:3)
  A troll (D:8)
  Grinder (D:6)
  2 hippogriffs (D:7)
  Sigmund (D:2)
  Menkaure (D:4)
  2 slaves
  2 black bears (D:7)
  5 orc warriors
  A sky beast (D:7)
  4 ogres
  3 phantoms
  3 centaurs
  4 wolves
  6 bullfrogs
  A gnoll sergeant (D:8)
  A scorpion (D:3)
  4 wights (D:7)
  6 killer bees (D:8)
  2 electric eels (D:8)
  4 crimson imps
  2 jellies (D:7)
  2 orc priests
  2 hounds (D:8)
  2 iguanas
  5 orc wizards
  4 worker ants
  Natasha (thrice) (D:2 D:1)
  5 gnolls (D:8)
  8 adders
  5 shadow imps
  An ooze (D:1)
  An adder skeleton (D:8)
  2 worms (D:3)
  3 leopard geckos (D:2)
  21 orcs
  4 bats
  8 giant cockroaches
  2 goblins
  3 hobgoblins
  12 jackals
  8 kobolds
  3 quokkas
  A ball python (D:1)
  5 frilled lizards
  A jackal zombie (D:5)
  2 rats
170 creatures vanquished.

Vanquished Creatures (others)
  A steam dragon (D:8)
  3 fungi
  A starspawn tentacle (Abyss:2)
  3 toadstools (D:4)
8 creatures vanquished.

Grand Total: 178 creatures vanquished

Notes
Turn   | Place    | Note
-------+----------+-------------------------------------------
     0 | Abyss:1  | Gargoyl the Centaur Abyssal Knight began the quest for the
                  | Orb.
     0 | Abyss:1  | Reached XP level 1. HP: 19/19 MP: 2/2
    92 | Abyss:2  | Noticed a tentacled starspawn
   102 | Abyss:2  | Noticed a rakshasa
   104 | D:1      | Escaped the Abyss
   197 | D:1      | Reached * piety under Lugonu
   427 | D:1      | Reached XP level 2. HP: 23/26 MP: 3/3
   865 | D:2      | Noticed Natasha
   875 | D:2      | Noticed a crimson imp
   881 | D:3      | Reached XP level 3. HP: 22/31 MP: 4/4
  1354 | D:2      | Killed Natasha
  1354 | D:2      | Reached skill level 1 in Shields
  1397 | D:2      | Reached XP level 4. HP: 40/40 MP: 5/5
  1428 | D:2      | Found a bloodstained altar of Trog.
  1605 | D:2      | Noticed Natasha
  1619 | D:2      | Killed Natasha
  1619 | D:2      | Reached skill level 1 in Dodging
  1640 | D:1      | Reached ** piety under Lugonu
  2220 | D:2      | Noticed Sigmund
  2577 | D:2      | Noticed Natasha
  2864 | D:1      | Killed Natasha
  2864 | D:1      | Reached XP level 5. HP: 41/46 MP: 5/7
  3149 | D:2      | Killed Sigmund
  3149 | D:2      | Reached XP level 6. HP: 40/52 MP: 8/8
  4068 | D:4      | Noticed a slave
  4068 | D:4      | Noticed a slave
  4068 | D:4      | Noticed a slave
  4069 | D:4      | Noticed Pikel
  4156 | D:3      | Killed a slave
  4379 | D:4      | Killed a slave
  4608 | D:4      | Noticed Menkaure
  4626 | D:4      | Killed Menkaure
  4854 | D:4      | Noticed a slave
  5060 | D:3      | Killed Pikel
  5060 | D:3      | Reached XP level 7. HP: 44/59 MP: 8/10
  5225 | D:4      | Found a staircase to the Ecumenical Temple.
  5238 | D:4      | Reached XP level 8. HP: 61/67 MP: 11/11
  6025 | D:5      | Entered Level 5 of the Dungeon
  6779 | D:6      | Reached skill level 1 in Throwing
  7048 | D:6      | Noticed Grinder
  7066 | D:6      | Paralysed by Grinder for 6 turns
  7080 | D:6      | Killed Grinder
  7127 | D:6      | Found an ornate altar of the Wu Jian Council.
  7180 | D:6      | Found a stormy altar of Qazlal.
  7403 | D:6      | Reached skill level 5 in Invocations
  7570 | D:6      | Reached XP level 9. HP: 43/73 MP: 12/12
  8249 | D:7      | Reached skill level 5 in Fighting
  8624 | D:7      | Reached skill level 5 in Axes
  8624 | D:7      | Reached skill level 5 in Shields
  8820 | D:7      | Reached *** piety under Lugonu
  9375 | D:7      | Reached skill level 5 in Armour
  9844 | D:7      | Found a basalt altar of Yredelemnul.
 11416 | D:8      | Reached XP level 10. HP: 81/81 MP: 14/14
 12122 | D:8      | Found a staircase to the Lair.
 12592 | D:8      | HP: 3/81 [killer bee (7)]
 12597 | D:8      | HP: 5/121 [poisoned by a killer bee]
 12602 | D:8      | HP: 3/121 [poisoned by a killer bee]
 12608 | D:8      | HP: 2/121 [poisoned by a killer bee]
 12616 | D:8      | HP: 3/121 [poisoned by a killer bee]
 14183 | D:8      | Found a deep blue altar of Sif Muna.
 14372 | Lair:1   | Entered Level 1 of the Lair of Beasts
 14554 | D:8      | HP: 1/82 [wolf (5)]
 14555 | D:8      | Slain by a wolf

Levels and vault maps discovered:
D:1:      lemuel_arrival_room, layout_basic, hangedman_abyss_or_decor_stabs,
          minmay_tree_intersection, serial_park_tiny_2, grunt_decor_one_mirror,
          hangedman_decor_lopped, minivault_24
D:2:      layout_basic, first_ration, trog_three_pillars_becter, uniq_sigmund,
          uniq_natasha
D:3:      layout_loops_ring
D:4:      layout_gridville, minmay_temple_entry_mini_moons,
          minmay_gold_behind_fungi, uniq_pikel, uniq_menkaure
D:5:      layout_basic
D:6:      layout_basic, grunt_temple_overflow_open, uniq_grinder
D:7:      layout_loops_corners, lemuel_coloured_pillars_altar
D:8:      layout_loops_corners, lemuel_blue_sif_altar, erik_lair_island
Lair:1:   layout_loops_ring, ebering_ghost_funeral_grove, grunt_megastairs_5

Skill      XL: |  1  2  3  4  5  6  7  8  9 |
---------------+----------------------------+-----
Axes           | 2 3 4 5 |  5.8
Shields        | 1 2 3 4 6 |  6.6
Armour         | 2 3 4 5 |  5.9
Dodging        | 1 2 |  2.3
Invocations    | 3 4 5 6 |  6.6
Fighting       | 4 5 |  5.6
Throwing       | 1 |  1.5

Action                   |  1- 3 |  4- 6 |  7- 9 | 10-12 || total
-------------------------+-------+-------+-------+-------++-------
Melee: Hand axe          |    74 |   201 |   448 |   262 ||   985
       Kick              |     7 |    48 |   139 |    56 ||   250
Throw: Boomerang         |       |       |    22 |       ||    22
Invok: Depart the Abyss  |     1 |       |       |       ||     1
       Bend Space        |       |       |       |     3 ||     3
       Banish            |       |       |       |     1 ||     1
  Use: Scroll            |     4 |     7 |     5 |       ||    16
       Potion            |     2 |     3 |     3 |     7 ||    15
  Eat: Chunk             |       |     5 |    10 |     2 ||    17
       Ration            |       |     2 |     2 |     3 ||     7
Armor: Leather armour    |    14 |    25 |       |       ||    39
       Skin              |     1 |       |       |     3 ||     4
       Chain mail        |       |    29 |   140 |   121 ||   290
Dodge: Dodged            |    16 |    18 |    34 |    25 ||    93
Block: Large shield      |    61 |   141 |   416 |   316 ||   934

Table legend:
 A = Non-vault XP
 B = Vault XP
 C = Vault XP percentage of total XP
 D = Non-vault monster count
 E = Vault monster count
 F = Vault count percentage of total count
                 A         B        C        D         E       F
            +---------+---------+-------+---------+---------+-------
      Total |    5831 |    1831 |  23.9 |     160 |       9 |   5.3
            +---------+---------+-------+---------+---------+-------
        D:1 |      64 |       0 |   0.0 |      17 |       0 |   0.0
        D:2 |      92 |     253 |  73.3 |      20 |       2 |   9.1
        D:3 |     131 |     651 |  83.2 |      16 |       1 |   5.9
        D:4 |     365 |     172 |  32.0 |       8 |       1 |  11.1
        D:5 |     131 |       0 |   0.0 |      11 |       0 |   0.0
        D:6 |     887 |     281 |  24.1 |      14 |       1 |   6.7
        D:7 |    2203 |       0 |   0.0 |      35 |       0 |   0.0
        D:8 |    1847 |     474 |  20.4 |      38 |       4 |   9.5
     Lair:1 |     111 |       0 |   0.0 |       1 |       0 |   0.0
            +---------+---------+-------+---------+---------+-------
